 Dungeon Crawl Stone Soup version 0.27-a0-1202-ge72e49191c (webtiles) character file.

Game seed: 2733277051769509974

719 Gwenloh the Tainter (level 7, -5/46 (55) HPs)
             Began as a Naga Venom Mage on June 4, 2021.
             Slain by a necrophage (6 damage)
             ... on level 5 of the Dungeon on June 5, 2021.
             The game lasted 00:19:09 (5190 turns).

Gwenloh the Tainter (Naga Venom Mage)               Turns: 5190, Time: 00:19:10

HP:   -5/46 (55)    AC:  4    Str: 11    XL:     7   Next: 70%
MP:   6/10          EV:  9    Int: 17    God:
Gold: 317           SH:  0    Dex: 11    Spells: 1/10 levels left

rFire    + . .     SeeInvis +   p - +1 whip (elec)
rCold    . . .     Faith    .   (no shield)
rNeg     . . .     Spirit   .   a - +0 robe
rPois    +         Reflect  .   (no helmet)
rElec    .         Harm     .   w - +0 cloak
rCorr    .         Rampage  .   (no gloves)
Will     .....                  (no barding)
Stlth    ++........             (no amulet)
HPRegen  0.15/turn              b - ring of protection from fire
MPRegen  0.12/turn              (no ring)

@: mighty, short of breath, heavily drained, very slow
A: AC +2, large, see invisible, deformed body, poison resistance, slowness 2,
spit poison 1, naga tail 1
a: Spit Poison


You were on level 5 of the Dungeon.
You visited 1 branch of the dungeon, and saw 5 of its levels.

You collected 317 gold pieces.

Inventory:

Hand Weapons
 f - a +0 dagger
 p - a +1 whip of electrocution (weapon)
Missiles
 i - 2 throwing nets
 n - 4 boomerangs of dispersal
Armour
 a - a +0 robe (worn)
 t - a +0 leather armour
 w - a +0 cloak (worn)
Jewellery
 b - a ring of protection from fire (left hand)
 k - a ring of ice
 o - a +4 ring of protection
 r - a +6 ring of strength
Scrolls
 c - a scroll of enchant armour {unknown}
 d - 3 scrolls of identify {unknown}
 e - 2 scrolls of noise {unknown}
 g - a scroll of teleportation {unknown}
 h - a scroll of enchant weapon {unknown}
 j - 2 scrolls of magic mapping {unknown}
 l - a scroll of silence {unknown}
 m - a scroll of immolation {unknown}
 q - a scroll of amnesia {unknown}
 s - a scroll of fear {unknown}
Potions
 u - a potion of might
 v - a potion of mutation {unknown}


   Skills:
 - Level 1.5 Dodging
 - Level 3.0 Stealth
 - Level 2.0 Spellcasting
 - Level 1.0 Transmutations
 + Level 4.2 Air Magic
 * Level 9.9 Poison Magic


You had one spell level left.
You knew the following spells:

 Your Spells              Type           Power      Damage    Failure   Level
a - Sting                 Tmut/Pois      80%        1d7       1%          1
b - Poisonous Vapours     Pois/Air       50%        N/A       1%          2
c - Mephitic Cloud        Conj/Pois/Air  17%        N/A       9%          3
d - Ignite Poison         Fire/Tmut/Pois 14%        N/A       13%         3

Your spell library contained the following spells:

 Spells                   Type           Power      Damage    Failure   Level
 Corona                   Hex            1%         N/A       19%         1
 Olgreb's Toxic Radiance  Pois           35%        N/A       3%          4
 Ensorcelled Hibernation  Hex/Ice        2%         N/A       28%         2
 Confusing Touch          Hex            1%         N/A       50%         3
 Dazzling Flash           Conj/Hex       2%         N/A       50%         3
 Tukima's Dance           Hex            1%         N/A       50%         3


Dungeon Overview and Level Annotations

Branches:
Dungeon (5/15)
 Temple: D:4-7

Altars:
Elyvilon
Ru
Trog
Zin
The Shining One

Annotations:
D:3 2 runed translucent doors, senseless's ghost, amateur DrTm


Innate Abilities, Weirdness & Mutations

Your serpentine skin is tough. (AC +2)
You have supernaturally acute eyesight. (SInv)
Armour fits poorly on your strangely shaped body.
Your system is resistant to poisons. (rPois)
You cover ground very slowly.
You can spit poison.
You have a snake-like lower body.


Message History

The necrophage hits you but does no damage.
The necrophage closely misses you.
The necrophage hits you but does no damage.
The necrophage closely misses you.
Casting: Sting (safe; 1% risk of failure)
Confirm with . or Enter, or press ? or * to list all spells.
Aiming: Mephitic Cloud (dangerous; 9% risk of failure)
Press: ? - help, Shift-Dir - straight line, p - necrophage The ball explodes into a vile cloud!
The stinking cloud engulfs the necrophage but does no damage.
The necrophage barely misses you. The necrophage closely misses you.
The necrophage hits you.
* * * LOW HITPOINT WARNING * * *
The necrophage hits you.
* * * LOW HITPOINT WARNING * * *
Welcome back, Gwenloh the Naga Venom Mage.
Press ? for a list of commands and other information.
Okay, then.
It was a potion of might.
You feel very mighty all of a sudden. The necrophage hits you.
* * * LOW HITPOINT WARNING * * *
You whack the necrophage!
Lightning courses through the necrophage!
The necrophage is severely damaged.
The necrophage hits you.
* * * LOW HITPOINT WARNING * * *
You feel drained.
* * * LOW HITPOINT WARNING * * *
Press: ? - help, Shift-Dir - straight line, f - necrophage
Aim: a necrophage (severely damaged)
The splash of poison misses the necrophage.
The necrophage hits you.
* * * LOW HITPOINT WARNING * * *
You feel drained. The necrophage hits you.
* * * LOW HITPOINT WARNING * * *
You feel drained. The necrophage hits you.
You die...

##.#...###### #.....##
##.##<# #.##.#### ### ######
#.......# ###.### #.##.#
####.##.# #.....#
#.##.######.##.# #)#.#.#
##.##........##.#
#.#.#.#######.n@###########.#
#.#.......##.....# #.#
#.###.###.###...###########.#
#.....# #...................#
####### ######.##############
#.# #.# #.# #.#


You could see a necrophage.

Vanquished Creatures
  Pikel (D:5)
  2 lemures (D:3)
  A hound (D:4)
  A jelly (D:4)
  An orc priest (D:3)
  An iguana (D:3)
  3 adders
  An adder skeleton (D:4)
  3 worms
  5 dart slugs
  10 orcs
  6 ball pythons
  10 endoplasms
  7 giant cockroaches
  7 goblins
  5 hobgoblins
  6 jackals
  A quokka (D:4)
  5 bats
  6 frilled lizards
  3 kobolds
  6 rats
91 creatures vanquished.

Notes
Turn   | Place    | Note
-------+----------+-------------------------------------------
     0 | D:1      | Gwenloh the Naga Venom Mage began the quest for the Orb.
     0 | D:1      | Reached XP level 1. HP: 15/15 MP: 3/3
   259 | D:1      | Reached XP level 2. HP: 20/22 MP: 0/5
   262 | D:1      | Learned a level 2 spell: Poisonous Vapours
   473 | D:1      | Reached skill level 5 in Poison Magic
   896 | D:1      | Reached XP level 3. HP: 28/28 MP: 6/6
   900 | D:1      | Learned a level 3 spell: Mephitic Cloud
  1467 | D:2      | Found a glowing golden altar of the Shining One.
  1676 | D:2      | Reached skill level 6 in Poison Magic
  1728 | D:2      | Reached skill level 1 in Air Magic
  1831 | D:2      | Reached XP level 4. HP: 34/36 MP: 5/7
  2538 | D:3      | Reached XP level 5. HP: 42/42 MP: 3/8
  2622 | D:3      | Found a glowing silver altar of Zin.
  2622 | D:3      | Found a white marble altar of Elyvilon.
  2622 | D:3      | Found a glowing golden altar of the Shining One.
  2663 | D:3      | Found a bloodstained altar of Trog.
  2733 | D:3      | Found a large runed translucent door.
  2734 | D:3      | Found a large runed translucent door.
  2736 | D:3      | Noticed senseless's ghost (amateur DrTm)
  2886 | D:3      | Reached skill level 7 in Poison Magic
  2923 | D:3      | Found a sacrificial altar of Ru.
  3184 | D:3      | Found a faded altar of an unknown god.
  3588 | D:4      | Reached XP level 6. HP: 37/49 MP: 4/9
  3592 | D:4      | Learned a level 3 spell: Ignite Poison
  4543 | D:5      | Entered Level 5 of the Dungeon
  4543 | D:5      | Noticed Pikel
  4935 | D:5      | Killed Pikel
  4936 | D:5      | Reached skill level 9 in Poison Magic
  4936 | D:5      | Reached XP level 7. HP: 55/55 MP: 2/10
  5189 | D:5      | HP: 2/49 [necrophage (3)]
  5190 | D:5      | Slain by a necrophage

Illustrated notes

Levels and vault maps discovered:
D:1:      kilobyte_arrival_exit_the_forest, layout_rooms, st_stairs_13
D:2:      layout_loops_cross, basic_altar, minmay_misc_feat_x
D:3:      layout_basic, good_gods_mini_temple, lemuel_round_altar,
          amcnicky_altar_gilded, ebering_ghost_disaster_area,
          hellmonk_ecumenical_altar_inner_sanctum
D:4:      layout_loops_cross, hex_large
D:5:      kennysheep_windowed_halls, layout_loops_corners,
          cheibrodos_ashenzari_chains, corexii_corridor_pit,
          minmay_fire_ice_demons, uniq_pikel

Skill      XL: |  1  2  3  4  5  6 |
---------------+-------------------+-----
Poison Magic   | 5 6 7 9 |  9.9
Air Magic      | 1 2 4 |  4.2
Dodging        | |  1.5
Stealth        | |  3.0
Spellcasting   | |  2.0
Transmutations | |  1.0

Action                   |  1- 3 |  4- 6 |  7- 9 || total
-------------------------+-------+-------+-------++-------
Melee: Unarmed           |     2 |       |       ||     2
       Dagger            |    15 |    10 |       ||    25
       Whip              |       |       |     5 ||     5
 Cast: Sting             |    26 |    37 |     1 ||    64
       Poisonous Vapours |    16 |    31 |       ||    47
       Mephitic Cloud    |       |     3 |     3 ||     6
       Ignite Poison     |       |     4 |     1 ||     5
 Abil: Spit Poison       |    23 |    37 |     3 ||    63
  Use: Potion            |       |     2 |     1 ||     3
Armor: Robe              |     4 |    10 |     8 ||    22
Dodge: Dodged            |    13 |    19 |     7 ||    39

Table legend: (Time is in decaauts)
 A = Elapsed time spent in this place.
 B = Non-inter-level travel time spent in this place.
 C = Inter-level travel time spent in this place.
 D = Time resting spent in this place.
 E = Time spent auto-exploring this place.
 F = Levels seen in this place.
 G = Mean time per level.
                   A        B        C        D        E       F      G
               +--------+--------+--------+--------+--------+-----+--------+
         Total |   6357 |   6014 |    343 |    286 |   4979 |   5 | 1271.4 |
       Dungeon |   6357 |   6014 |    343 |    286 |   4979 |   5 | 1271.4 |
               +--------+--------+--------+--------+--------+-----+--------+

Top non-repeatable levels by time:
     D:3: 1940 daAuts
     D:1: 1419 daAuts
     D:4: 1373 daAuts
     D:2: 1250 daAuts
     D:5: 373 daAuts
